Map: [ESL] NeoHumanity

Players

ShaDoWn - Winner!

  • Race: Protoss Protoss
  • Spawn Location: 11:00

PtitDrogo

  • Race: Protoss Protoss
  • Spawn Location: 5:00

Event: ESL SC2 Masters 2023 Summer (Regionals)

VOD

Have the link to the VOD?

Description

Time

  • Played on: May 9, 2023, 11:52 a.m.
  • Length: 22:16

All games in this series

Show
View Real Time Build Order
Export as new Build Order

ShaDoWn Protoss - Winner!

Build Orders: Oracle Opening 

Get SALT Encoding   

  12  0:00  Probe  
  13  0:12  Probe  
  14  0:17  Pylon  
  14  0:24  Probe  
  15  0:35  Gateway  
  15  0:36  Probe (Chrono Boost)  
  16  0:46  Probe (Chrono Boost), Assimilator  
  17  0:51  Probe (Chrono Boost)  
  17  0:54  Assimilator  
  18  1:03  Probe (Chrono Boost)  
  19  1:07  Gateway  
  19  1:12  Probe (Chrono Boost)  
  19  1:17  Probe (Chrono Boost)  
  20  1:23  Cybernetics Core  
  21  1:29  Probe  
  22  1:36  Pylon  
  22  1:41  Probe  
  23  1:54  Probe  
  23  2:00  Warp Gate  
  23  2:01  Stalker  
  26  2:06  Probe, Stalker  
  29  2:22  Stargate  
  29  2:23  Probe  
  30  2:30  Pylon  
  30  2:52  Nexus  
  30  2:58  Shield Battery  
  30  3:03  Oracle (Chrono Boost)  
  30  3:08  Probe  
  34  3:20  Pylon  
  34  3:21  Probe  
  35  3:32  Oracle  
  38  3:36  Probe  
  38  3:40  Twilight Council  
  39  3:48  Probe  
  39  3:53  Adept x2  
  44  4:00  Probe  
  45  4:04  Probe  
  46  4:13  Probe  
  46  4:16  Probe  
  48  4:23  Stalker x2  
  52  4:25  Blink (Chrono Boost)  
  52  4:26  Probe  
  51  4:31  Probe  
  50  4:38  Probe  
  50  4:43  Probe  
  52  4:50  Probe, Stalker x2  
  57  4:55  Probe  
  57  4:57  Gateway  
  58  5:03  Probe  
  59  5:07  Pylon  
  59  5:08  Probe  
  59  5:12  Nexus  
  60  5:16  Pylon  
  60  5:24  Assimilator  
  60  5:25  Stalker  
  60  5:26  Stalker  
  60  5:27  Probe  
  65  5:32  Probe  
  66  5:39  Probe  
  64  5:44  Probe  
  64  5:47  Forge  
  64  5:49  Stalker x2  
  69  5:51  Probe  
  69  5:52  Stalker  
  69  5:56  Probe  
  73  6:03  Probe  
  74  6:08  Probe  
  74  6:10  Pylon  
  75  6:13  Protoss Ground Weapons Level 1 (Chrono Boost)  
  75  6:15  Probe, Stalker  
  78  6:19  Robotics Facility  
  78  6:23  Probe (Chrono Boost)  
  78  6:25  Probe (Chrono Boost)  
  80  6:26  Stalker  
  80  6:27  Stalker  
  80  6:31  Probe (Chrono Boost)  
  85  6:36  Probe (Chrono Boost)  
  85  6:37  Probe (Chrono Boost)  
  88  6:41  Probe (Chrono Boost)  
  88  6:43  Assimilator  
  88  6:44  Probe (Chrono Boost)  
  88  6:45  Probe (Chrono Boost)  
  90  6:48  Probe (Chrono Boost)  
  90  6:51  Probe (Chrono Boost)  
  90  6:52  Probe (Chrono Boost), Dark Shrine  
  90  6:54  Probe, Stalker x2  
  93  6:56  Assimilator  
  93  7:00  Pylon  
  98  7:02  Probe x2  
  100  7:08  Pylon  
  100  7:14  Gateway  
  100  7:17  Gateway  
  100  7:19  Gateway  
  100  7:26  Nexus  
  100  7:27  Stalker x3  
  106  7:30  Pylon  
  106  7:32  Observer  
  106  7:33  Probe  
  108  7:40  Gateway  
  108  7:41  Probe  
  108  7:42  Gateway  
  108  7:43  Probe  
  110  7:47  Probe  
  111  7:53  Probe  
  111  7:55  Probe  
  111  7:56  Stalker x3  
  111  7:58  Observer, Protoss Ground Weapons Level 2 (Chrono Boost)  
  120  7:59  Probe  
  120  8:03  Shield Battery  
  121  8:05  Probe, Shadow Stride  
  121  8:06  Pylon  
  121  8:07  Probe  
  121  8:12  Probe  
  124  8:17  Probe  
  125  8:20  Pylon  
  125  8:24  Probe, Observer, Charge (Chrono Boost)  
  127  8:28  Probe  
  127  8:30  Observer  
  127  8:32  Stalker x2  
  132  8:34  Gateway  
  132  8:35  Assimilator  
  132  8:36  Assimilator  
  132  8:37  Probe  
  132  8:39  Photon Cannon  
  132  8:40  Observer, Photon Cannon  
  133  8:45  Zealot x5  
  143  8:54  Sentry  
  144  9:07  Probe x3  
  144  9:08  Assimilator, Nexus  
  144  9:09  Pylon  
  147  9:14  Dark Templar x4  
  155  9:25  Pylon  
  155  9:26  Pylon  
  155  9:34  Probe  
  155  9:35  Probe  
  155  9:38  Probe x2  
  158  9:42  Shield Battery  
  158  9:45  Photon Cannon  
  159  9:46  Photon Cannon  
  159  9:47  Stalker x5  
  159  9:48  Stalker x2, Photon Cannon  
  159  9:52  Pylon  
  173  10:01  Stalker x2  
  173  10:06  Protoss Ground Weapons Level 3 (Chrono Boost)  
  177  10:07  Unknown  
  177  10:09  Photon Cannon  
  177  10:12  Robotics Facility  
  177  10:14  Robotics Bay  
  177  10:23  Stalker x5  
  187  10:35  Photon Cannon  
  183  10:37  Observer  
  184  10:47  Protoss Air Weapons Level 1 (Chrono Boost)  
  184  10:56  Stalker x3  
  189  10:59  Disruptor x2 (Chrono Boost)  
  189  11:02  Fleet Beacon  
  195  11:18  Stargate  
  195  11:22  Photon Cannon  
  195  11:23  Photon Cannon  
  195  11:27  Photon Cannon, Disruptor  
  195  11:31  Photon Cannon  
  198  11:40  Photon Cannon  
  198  11:41  Photon Cannon  
  198  11:42  Photon Cannon  
  198  11:44  Photon Cannon  
  198  11:46  Photon Cannon  
  198  11:57  Stargate  
  198  12:01  Stargate  
  198  12:05  Stargate  
  198  12:09  Stargate  
  198  12:10  Tempest  
  198  12:12  Pylon  
  198  12:14  Pylon  
  200  12:28  Disruptor  
  200  12:29  Tempest  
  183  12:51  Tempest  
  175  12:53  Tempest  
  175  12:55  Stalker x7  
  175  12:56  Stalker x2  
  175  12:57  Disruptor  
  175  12:58  Tempest (Chrono Boost)  
  198  13:04  Disruptor  
  186  13:19  Tempest (Chrono Boost)  
  179  13:23  Zealot x9  
  197  13:27  Gateway  
  197  13:30  Gateway  
  197  13:31  Gateway  
  197  13:36  Protoss Air Weapons Level 2 (Chrono Boost)  
  200  13:44  Oracle (Chrono Boost)  
  200  13:46  Observer, Nexus  
  200  13:47  Protoss Shields Level 1 (Chrono Boost)  
  200  13:51  Gravitic Boosters (Chrono Boost)  
  200  13:53  Observer (Chrono Boost)  
  200  14:03  Pylon  
  200  14:08  Pylon  
  200  14:12  Gateway  
  196  14:18  Tempest  
  196  14:23  Photon Cannon  
  195  14:26  Photon Cannon  
  195  14:27  Photon Cannon  
  195  14:30  Shield Battery  
  195  14:32  Pylon, Shield Battery  
  195  14:33  Photon Cannon  
  195  14:35  Photon Cannon  
  195  14:37  Photon Cannon  
  195  14:40  Tempest  
  200  14:50  Photon Cannon, Dark Templar  
  200  14:52  Photon Cannon  
  198  14:53  Photon Cannon  
  198  14:56  Photon Cannon  
  195  15:03  Tempest  
  192  15:07  Tempest  
  197  15:21  Shield Battery  
  197  15:24  Photon Cannon  
  197  15:26  Shield Battery  
  197  15:28  Photon Cannon  
  197  15:30  Photon Cannon x3  
  197  15:32  Photon Cannon  
  197  15:33  Photon Cannon x2  
  197  15:35  Pylon x2  
  197  15:38  Observer (Chrono Boost)  
  199  15:44  Observer (Chrono Boost)  
  199  15:53  Oracle  
  192  16:25  Tempest x2  
  186  16:38  Pylon, Nexus  
  182  16:41  Tempest  
  182  16:42  Tempest  
  182  16:43  Tempest  
  182  16:44  Pylon  
  197  16:50  Dark Templar  
  189  17:06  Stalker x2  
  189  17:07  Stalker x6  
  192  17:10  Disruptor  
  192  17:13  Dark Templar  
  192  17:14  Zealot x2  
  176  17:23  Tempest  
  176  17:25  Stalker  
  159  17:30  Stalker x3  
  159  17:31  Stalker x5  
  159  17:36  Tempest (Chrono Boost)  
  150  17:37  Tempest x3 (Chrono Boost)  
  150  17:40  Stalker x2  
  152  17:47  Stalker  
  152  17:49  Stalker  
  140  17:55  Stalker x8  
  144  18:08  Stalker x2  
  151  18:13  Tempest (Chrono Boost)  
  151  18:16  Tempest (Chrono Boost)  
  151  18:17  Tempest x2 (Chrono Boost)  
  151  18:18  Probe x2, Tempest (Chrono Boost)  
  168  18:22  Nexus  
  168  18:24  Unknown  
  168  18:32  Pylon  
  168  18:37  Observer (Chrono Boost)  
  168  18:40  Protoss Air Weapons Level 3 (Chrono Boost)  
  169  18:43  Observer  
  169  18:47  Unknown  
  169  18:49  Tempest (Chrono Boost)  
  182  18:56  Oracle (Chrono Boost)  
  182  18:57  Observer  
  182  18:59  Tempest (Chrono Boost), Shield Battery  
  182  19:00  Disruptor x2  
  182  19:01  Photon Cannon  
  188  19:07  Tempest  
  193  19:11  Tempest  
  193  19:22  Photon Cannon  
  198  19:33  Photon Cannon  
  197  19:55  Tempest  
  190  20:02  Tempest x2  
  200  20:12  Assimilator  
  200  20:13  Assimilator  
  200  20:22  Nexus  
  188  20:50  Tempest x2  
  188  20:56  Pylon  
  193  21:09  Tempest  
  181  21:15  Oracle  
  181  21:16  Tempest  
  176  21:21  Shield Battery  
  176  21:23  Photon Cannon  
  176  21:24  Photon Cannon  
  176  21:27  Photon Cannon  
  176  21:29  Stalker x3  
  176  21:30  Pylon, Stalker  
  182  21:33  Tempest  
  182  21:38  Dark Templar x3  
  182  21:39  Dark Templar  
  180  22:01  Zealot x5  
  180  22:02  Zealot x3  
Show
View Real Time Build Order
Export as new Build Order

PtitDrogo Protoss 

Build Orders: Phoenix Opening, Blink Stalkers, Carriers 

Get SALT Encoding   

  12  0:00  Probe  
  13  0:12  Probe  
  14  0:16  Pylon  
  14  0:24  Probe (Chrono Boost)  
  15  0:36  Probe (Chrono Boost), Gateway  
  16  0:44  Probe (Chrono Boost)  
  16  0:48  Assimilator  
  17  0:51  Probe  
  17  0:54  Assimilator  
  18  1:03  Probe (Chrono Boost)  
  19  1:09  Gateway  
  20  1:12  Probe (Chrono Boost)  
  20  1:17  Probe (Chrono Boost)  
  20  1:22  Cybernetics Core  
  21  1:29  Probe  
  22  1:35  Pylon  
  22  1:41  Probe  
  23  1:54  Probe  
  23  1:59  Stalker  
  23  2:00  Warp Gate  
  28  2:06  Probe  
  28  2:08  Sentry  
  29  2:11  Pylon  
  29  2:18  Probe  
  30  2:25  Pylon  
  30  2:34  Probe  
  30  2:35  Sentry  
  33  2:38  Phoenix  
  33  2:43  Nexus  
  33  2:49  Shield Battery  
  33  2:51  Probe  
  33  2:54  Sentry  
  36  3:03  Pylon  
  36  3:06  Probe  
  37  3:14  Twilight Council  
  37  3:18  Probe  
  38  3:30  Probe  
  39  3:35  Shield Battery  
  39  3:39  Phoenix  
  39  3:43  Probe, Blink (Chrono Boost)  
  39  3:48  Stalker x2  
  44  3:55  Probe  
  45  3:56  Probe  
  44  4:07  Probe  
  44  4:08  Probe  
  46  4:12  Stalker  
  46  4:14  Stalker  
  50  4:19  Probe  
  50  4:20  Probe  
  52  4:32  Probe  
  53  4:38  Probe  
  53  4:43  Stalker x2  
  55  4:49  Probe  
  55  4:50  Probe  
  54  5:01  Probe (Chrono Boost)  
  54  5:02  Nexus  
  54  5:04  Probe (Chrono Boost), Pylon  
  56  5:13  Probe (Chrono Boost)  
  57  5:16  Probe (Chrono Boost), Forge  
  57  5:20  Probe (Chrono Boost)  
  59  5:21  Probe (Chrono Boost)  
  59  5:27  Probe  
  60  5:30  Probe  
  60  5:32  Stalker  
  60  5:34  Stalker  
  64  5:40  Probe (Chrono Boost)  
  64  5:42  Probe (Chrono Boost)  
  64  5:45  Protoss Ground Weapons Level 1 (Chrono Boost)  
  64  5:51  Shield Battery  
  64  5:54  Probe (Chrono Boost)  
  66  5:58  Probe (Chrono Boost)  
  66  5:59  Stalker  
  66  6:00  Probe (Chrono Boost)  
  66  6:02  Pylon  
  70  6:04  Probe (Chrono Boost), Robotics Facility  
  70  6:13  Shield Battery  
  70  6:14  Probe (Chrono Boost)  
  70  6:15  Probe (Chrono Boost)  
  70  6:17  Stalker  
  75  6:18  Probe (Chrono Boost)  
  77  6:26  Probe (Chrono Boost), Stalker  
  77  6:27  Probe (Chrono Boost)  
  77  6:32  Probe (Chrono Boost)  
  80  6:33  Probe x2 (Chrono Boost)  
  82  6:40  Probe x2  
  82  6:41  Probe  
  82  6:42  Stalker, Gateway  
  82  6:45  Gateway  
  87  6:49  Stalker  
  87  6:52  Observer (Chrono Boost)  
  87  6:53  Probe x2  
  92  6:55  Pylon  
  92  6:56  Assimilator x2  
  92  6:57  Probe  
  93  7:06  Pylon  
  93  7:10  Nexus  
  93  7:13  Probe x2, Observer  
  93  7:15  Probe  
  97  7:18  Forge  
  97  7:25  Probe x2, Stalker x2  
  97  7:27  Probe  
  104  7:30  Photon Cannon  
  104  7:31  Shield Battery  
  104  7:34  Assimilator  
  104  7:35  Assimilator  
  104  7:37  Probe x2  
  104  7:39  Probe  
  104  7:42  Photon Cannon  
  107  7:45  Observer  
  107  7:49  Probe  
  109  7:51  Protoss Ground Weapons Level 2 (Chrono Boost)  
  109  7:52  Protoss Ground Armor Level 1 (Chrono Boost)  
  109  7:56  Observer  
  109  7:58  Robotics Bay  
  109  8:01  Robotics Facility  
  109  8:02  Pylon x2  
  109  8:05  Photon Cannon  
  109  8:07  Photon Cannon  
  109  8:20  Probe x3  
  109  8:25  Assimilator  
  109  8:26  Assimilator  
  109  8:27  Pylon  
  112  8:29  Probe  
  112  8:32  Probe x3  
  112  8:33  Photon Cannon  
  116  8:35  Pylon  
  116  8:41  Probe  
  116  8:44  Probe, Disruptor (Chrono Boost)  
  116  8:48  Disruptor (Chrono Boost)  
  121  8:54  Stargate  
  124  8:55  Stargate  
  124  8:57  Zealot x4  
  132  9:05  Gateway  
  132  9:06  Gateway  
  132  9:07  Charge  
  132  9:09  Gateway  
  132  9:11  Disruptor (Chrono Boost)  
  132  9:14  Disruptor (Chrono Boost)  
  138  9:29  Stalker x3  
  138  9:30  Stalker  
  138  9:31  Shield Battery  
  146  9:34  Shield Battery  
  144  9:43  Disruptor (Chrono Boost)  
  147  9:46  Fleet Beacon  
  147  9:47  Disruptor (Chrono Boost)  
  147  9:48  Observer  
  147  9:50  Fleet Beacon  
  150  9:58  Observer  
  150  10:05  Stargate  
  150  10:09  Nexus  
  150  10:11  Pylon, Zealot x3  
  155  10:29  Disruptor x2  
  155  10:30  Protoss Ground Weapons Level 3  
  161  10:36  Pylon  
  161  10:38  Pylon, Protoss Ground Armor Level 2  
  161  10:39  Pylon  
  161  10:44  Pylon  
  161  10:51  Carrier (Chrono Boost)  
  161  10:54  Carrier (Chrono Boost)  
  161  10:56  Stalker x3  
  183  11:05  Carrier (Chrono Boost)  
  183  11:06  Observer x2 (Chrono Boost)  
  183  11:09  Photon Cannon  
  185  11:11  Zealot  
  187  11:25  Gravitic Boosters  
  187  11:31  Protoss Air Weapons Level 1 (Chrono Boost)  
  186  11:54  Pylon  
  186  11:55  Pylon  
  186  11:56  Photon Cannon  
  186  11:57  Photon Cannon  
  186  12:07  Carrier (Chrono Boost)  
  194  12:19  Carrier (Chrono Boost)  
  194  12:20  Carrier (Chrono Boost)  
  194  12:24  Observer  
  190  12:35  Photon Cannon  
  190  12:37  Cybernetics Core, Stalker x5  
  200  12:50  Stalker  
  194  13:01  Carrier (Chrono Boost)  
  194  13:09  Nexus  
  188  13:15  Pylon  
  178  13:26  Carrier (Chrono Boost)  
  176  13:30  Carrier (Chrono Boost)  
  176  13:31  Stargate  
  176  13:32  Stargate  
  176  13:33  Stargate  
  176  13:35  Photon Cannon  
  176  13:37  Photon Cannon  
  176  13:39  Protoss Shields Level 1, Protoss Ground Armor Level 3, Photon Cannon  
  176  13:41  Shield Battery  
  176  13:45  Protoss Air Armor Level 1  
  176  13:47  Protoss Air Weapons Level 2 (Chrono Boost)  
  176  13:53  Zealot x7  
  190  14:01  Photon Cannon  
  190  14:02  Pylon, Tempest (Chrono Boost), Unknown  
  189  14:19  Tempest (Chrono Boost)  
  194  14:24  Zealot x2  
  198  14:34  Shield Battery  
  198  14:37  Shield Battery x2  
  194  14:54  Tempest (Chrono Boost)  
  191  15:05  Stalker x7  
  189  15:07  Tempest (Chrono Boost)  
  194  15:17  Tempest (Chrono Boost)  
  194  15:18  Tempest (Chrono Boost)  
  194  15:25  Tempest (Chrono Boost)  
  197  15:29  Tempest, Nexus  
  197  15:31  Pylon  
  193  16:02  Zealot x3  
  193  16:03  Zealot x4  
  179  16:22  Tempest x3 (Chrono Boost)  
  169  16:32  Tempest x3 (Chrono Boost)  
  180  16:55  Stalker x5  
  180  16:56  Stalker x2  
  194  17:08  Tempest  
  179  17:28  Stalker x7  
  158  17:39  Observer  
  158  17:43  Disruptor x2  
  130  17:56  Stalker x3  
  113  18:05  Stalker x2  
  113  18:06  Stalker x2  
  121  18:18  Disruptor x2  
  124  18:22  Carrier (Chrono Boost)  
  124  18:24  Carrier x2 (Chrono Boost)  
  124  18:25  Zealot x2  
  140  18:30  Carrier (Chrono Boost)  
  140  18:34  Carrier (Chrono Boost)  
  140  18:38  Protoss Air Weapons Level 3 (Chrono Boost)  
  146  18:48  Carrier (Chrono Boost)  
  146  18:54  Disruptor x2  
  159  19:19  Carrier (Chrono Boost)  
  165  19:30  Carrier x2 (Chrono Boost)  
  171  19:37  Tempest (Chrono Boost)  
  163  20:01  Tempest (Chrono Boost)  
  163  20:06  Stalker x2  
  163  20:07  Tempest (Chrono Boost)  
  176  20:14  Tempest (Chrono Boost)  
  183  20:25  Phoenix (Chrono Boost)  
  183  20:27  Tempest (Chrono Boost)  
  176  20:41  Tempest (Chrono Boost)  
  175  20:43  Tempest (Chrono Boost)  
  156  21:00  Tempest x2 (Chrono Boost), Zealot x2  
  143  21:15  Tempest x2  
  143  21:17  Zealot  
  149  21:27  Observer x2 (Chrono Boost)  
  136  21:42  Zealot x3  
  136  21:48  Stalker x4  
  112  22:04  Stalker x3  
Tags
 
Add a new tag
Caveats
  • Supply blocks, unpowered buildings, or Contaminate may cause inaccurate times.
  • Supply counts are checked every 10 seconds.